 Dungeon Crawl Stone Soup version 0.27-a0-684-g359e429f13 (webtiles) character file.

Game seed: 17553182627156719043

365 ReteAZ the Skirmisher (level 6, 0/53 HPs)
             Began as a Gnoll Wanderer on Mar 20, 2021.
             Was an Initiate of Ashenzari.
             Succumbed to a scorpion's poison
             ... on level 5 of the Dungeon.
             The game lasted 00:06:54 (6396 turns).

ReteAZ the Skirmisher (Gnoll Wanderer)              Turns: 6396, Time: 00:06:54

Health: 0/53       AC:  4    Str: 12    XL:     6   Next: 68%
Magic:  11/11      EV: 12    Int: 12    God:    Ashenzari [......]
Gold:   261        SH:  0    Dex: 12    Spells: 11/12 levels left

rFire    . . .     SeeInvis +   c - +0 trident
rCold    . . .     Faith    .   (no shield)
rNeg     . . .     Spirit   .   e - +0 robe
rPois    .         Reflect  .   (no helmet)
rElec    .         Harm     .   (no cloak)
rCorr    .         Rampage  .   (no gloves)
Will     .....                  d - +1 pair of boots
Stlth    ++........             (no amulet)
HPRegen  0.17/turn              k - ring of see invisible
MPRegen  0.12/turn              (no ring)

@: lethally poisoned (0 -> -9)
A: fangs 1, strong nose, distributed training
a: Renounce Religion


You were on level 5 of the Dungeon.
You worshipped Ashenzari.
Ashenzari was noncommittal.
You visited 1 branch of the dungeon, and saw 5 of its levels.
You also visited: Ossuary.

You collected 261 gold pieces.

Inventory:

Hand Weapons
 a - a +2 dagger
 c - a +0 trident (weapon)
 i - a +0 dagger of protection
Armour
 d - a +1 pair of boots (worn)
 e - a +0 robe (worn)
Jewellery
 k - a ring of see invisible (right hand)
Scrolls
 f - a scroll of fog
 g - 4 scrolls of teleportation
 h - a scroll of magic mapping
 j - a scroll of blinking
 o - a scroll of random uselessness
Potions
 b - 2 potions of haste
 l - 2 potions of heal wounds
 m - 2 potions of mutation
 n - a potion of attraction
 p - a potion of cancellation


   Skills:
 + Level 6.9 Fighting
 + Level 2.1 Short Blades
 + Level 2.1 Long Blades
 + Level 2.1 Axes
 + Level 2.1 Maces & Flails
 + Level 5.0 Polearms
 + Level 2.1 Staves
 + Level 2.1 Slings
 + Level 2.1 Bows
 + Level 2.1 Crossbows
 + Level 2.1 Throwing
 + Level 2.1 Armour
 + Level 2.1 Dodging
 + Level 3.1 Stealth
 + Level 3.3 Shields
 + Level 2.1 Unarmed Combat
 + Level 3.5 Spellcasting
 + Level 1.6 Conjurations
 + Level 1.6 Hexes
 + Level 4.1 Summonings
 + Level 1.6 Necromancy
 + Level 1.6 Translocations
 + Level 1.6 Transmutations
 + Level 1.6 Fire Magic
 + Level 1.6 Ice Magic
 + Level 1.6 Air Magic
 + Level 1.6 Earth Magic
 + Level 1.6 Poison Magic
 + Level 2.3 Invocations
 + Level 2.1 Evocations


You had 11 spell levels left.
You knew the following spells:

 Your Spells              Type           Power      Damage    Failure   Level
a - Foxfire               Conj/Fire      24%        2x1d5     12%         1

Your spell library contained the following spells:

 Spells                   Type           Power      Damage    Failure   Level
 Conjure Flame            Conj/Fire      6%         6-21      34%         3


Dungeon Overview and Level Annotations

Branches:
Dungeon (5/15)            Ossuary (visited)
 Temple: D:4-7

Altars:
Ashenzari
Elyvilon
Trog

Shops:
D:2 !


Innate Abilities, Weirdness & Mutations

You have very sharp teeth.
Your uncanny sense of smell can sniff out nearby items.
Your experience applies equally to all skills.


Message History

The scorpion is heavily wounded.
You feel sick. The scorpion closely misses you.
You closely miss the scorpion.
The scorpion is heavily wounded.
The scorpion misses you.
You hit the scorpion.
The scorpion is severely wounded.
You feel sick. The scorpion stings you!
* * * LOW HITPOINT WARNING * * *
The scorpion stings you!
* * * LOW HITPOINT WARNING * * *
You are more poisoned.
The scorpion poisons you!
You closely miss the scorpion.
The scorpion is severely wounded.
* * * LOW HITPOINT WARNING * * *
You feel sick. The scorpion closely misses you.
You closely miss the scorpion.
The scorpion is severely wounded.
* * * LOW HITPOINT WARNING * * *
You feel sick. The scorpion misses you.
You hit the scorpion.
The scorpion is almost dead.
* * * LOW HITPOINT WARNING * * *
You feel sick.
The scorpion stings you but does no damage.
You closely miss the scorpion.
The scorpion is almost dead.
* * * LOW HITPOINT WARNING * * *
You feel sick.
An orc comes into view. It is wielding a +0 war axe.
The scorpion closely misses you.
You closely miss the scorpion.
The scorpion is almost dead.
* * * LOW HITPOINT WARNING * * *
You feel sick. The scorpion barely misses you.
The orc shouts!
You puncture the scorpion!
You kill the scorpion!
You die...

#§##.......#
####.##..#.#..#
....§..#.....# ###
#.............#
..#...#.##.#.†...#
#o#.# #.#.##.#..#
∆ #..##
##........#
#†#.###.#.#..####
#@##.#.##...##
#†###..##.#### ..#
##.##....# #...
..#####.# >..#
#### #.# ###.# #.#
#.# #.# ### #.#
#.# #.. #.# #.#


You could see an orc.

Vanquished Creatures
  An ogre (D:5)
  A scorpion (D:5)
  A howler monkey (D:4)
  2 hounds
  2 iguanas
  2 adders
  2 oozes
  An adder skeleton (D:5)
  A worm (D:3)
  4 dart slugs
  3 leopard geckos
  3 orcs (D:3)
  2 ball pythons (D:5)
  10 giant cockroaches
  11 goblins
  7 hobgoblins
  7 jackals (D:3)
  A quokka (D:3)
  6 bats
  2 frilled lizards
  A goblin zombie (Ossuary)
  A hobgoblin zombie (Ossuary)
  A jackal zombie (Ossuary)
  4 kobolds
  7 rats
83 creatures vanquished.

Vanquished Creatures (others)
  284 foxfires
  A plant (D:4)
  5 toadstools (D:5)
290 creatures vanquished.

Grand Total: 373 creatures vanquished

Notes
Turn   | Place    | Note
-------+----------+-------------------------------------------
     0 | D:1      | ReteAZ the Gnoll Wanderer began the quest for the Orb.
     0 | D:1      | ReteAZ set off with the following items: a +2 dagger, a
                  | potion of haste, a potion of lignification, a +0 robe; and
                  | the following spell memorised: Foxfire; and the following
                  | spells available to memorise: Conjure Flame
     0 | D:1      | Reached XP level 1. HP: 23/23 MP: 4/4
   414 | D:1      | Reached XP level 2. HP: 29/29 MP: 1/5
  1079 | D:1      | Reached XP level 3. HP: 35/35 MP: 2/7
  1175 | D:1      | You fall into a shaft and drop 1 floor!
  1270 | D:2      | Reached skill level 1 in Invocations
  1512 | D:2      | Found a bloodstained altar of Trog.
  1516 | D:2      | Found a white marble altar of Elyvilon.
  1800 | D:2      | Found Daduomn's Distillery.
  1837 | D:2      | Reached skill level 1 in Short Blades
  1837 | D:2      | Reached skill level 1 in Long Blades
  1837 | D:2      | Reached skill level 1 in Axes
  1837 | D:2      | Reached skill level 1 in Maces & Flails
  1837 | D:2      | Reached skill level 1 in Staves
  1837 | D:2      | Reached skill level 1 in Slings
  1837 | D:2      | Reached skill level 1 in Bows
  1837 | D:2      | Reached skill level 1 in Crossbows
  1837 | D:2      | Reached skill level 1 in Throwing
  1837 | D:2      | Reached skill level 1 in Armour
  1837 | D:2      | Reached skill level 1 in Dodging
  1837 | D:2      | Reached skill level 1 in Unarmed Combat
  1837 | D:2      | Reached skill level 1 in Evocations
  2149 | D:2      | Reached XP level 4. HP: 41/41 MP: 6/8
  2677 | D:3      | Reached skill level 1 in Conjurations
  2677 | D:3      | Reached skill level 1 in Hexes
  2677 | D:3      | Reached skill level 1 in Necromancy
  2677 | D:3      | Reached skill level 1 in Translocations
  2677 | D:3      | Reached skill level 1 in Transmutations
  2677 | D:3      | Reached skill level 1 in Fire Magic
  2677 | D:3      | Reached skill level 1 in Ice Magic
  2677 | D:3      | Reached skill level 1 in Air Magic
  2677 | D:3      | Reached skill level 1 in Earth Magic
  2677 | D:3      | Reached skill level 1 in Poison Magic
  2831 | D:3      | Reached XP level 5. HP: 43/47 MP: 7/9
  4928 | D:4      | Reached XP level 6. HP: 45/53 MP: 4/11
  5543 | D:4      | Found a broken altar of Ashenzari.
  5547 | D:4      | Saw a vision of the Swamp and the Spider Nest.
  5547 | D:4      | Noticed a redback
  5547 | D:4      | Noticed a will-o-the-wisp
  5547 | D:4      | Noticed a vampire mosquito
  5547 | D:4      | Noticed a vampire mosquito
  5547 | D:4      | Noticed a vampire mosquito
  5547 | D:4      | Noticed a wolf spider
  5547 | D:4      | Noticed a redback
  5548 | D:4      | Noticed a goliath frog
  5548 | D:4      | Noticed a vampire mosquito
  5551 | D:4      | Became a worshipper of Ashenzari the Shackled
  5818 | D:5      | Entered Level 5 of the Dungeon
  5937 | D:5      | Reached skill level 5 in Polearms
  6020 | D:5      | Found a sand-covered staircase.
  6028 | Ossuary  | Entered an ossuary
  6393 | D:5      | HP: 2/53 [poisoned by a scorpion]
  6396 | D:5      | Succumbed to a scorpion's poison

Illustrated notes

Levels and vault maps discovered:
D:1:      minmay_arrival_four_loops, layout_basic, serial_park_tiny_2,
          minmay_crystal_water
D:2:      layout_basic, nicolae_overflow_hidden_temple, serial_shops,
          shop_statue, minmay_domino_4
D:3:      layout_loops_ring, chequers_serial_rivers_small_3, grunt_decor_cap
D:4:      cheibrodos_quashed, layout_layer_cave, grunt_ashenzari_visionary
          [grunt_ashenzari_visionary_swamp, grunt_ashenzari_visionary_spider]
D:5:      layout_loops_ring, nicolae_ossuary_entry_ruins,
          minmay_large_rounded_square, minmay_gold_behind_fungi

Skill      XL: |  1  2  3  4  5  6 |
---------------+-------------------+-----
Invocations    | 1 2 |  2.3
Short Blades   | 1 2 |  2.1
Long Blades    | 1 2 |  2.1
Axes           | 1 2 |  2.1
Maces & Flails | 1 2 |  2.1
Staves         | 1 2 |  2.1
Slings         | 1 2 |  2.1
Bows           | 1 2 |  2.1
Crossbows      | 1 2 |  2.1
Throwing       | 1 2 |  2.1
Armour         | 1 2 |  2.1
Dodging        | 1 2 |  2.1
Unarmed Combat | 1 2 |  2.1
Evocations     | 1 2 |  2.1
Spellcasting   | 3 |  3.5
Conjurations   | 1 |  1.6
Hexes          | 1 |  1.6
Necromancy     | 1 |  1.6
Translocations | 1 |  1.6
Transmutations | 1 |  1.6
Fire Magic     | 1 |  1.6
Ice Magic      | 1 |  1.6
Air Magic      | 1 |  1.6
Earth Magic    | 1 |  1.6
Poison Magic   | 1 |  1.6
Shields        | 3 |  3.3
Summonings     | 4 |  4.1
Stealth        | 3 |  3.1
Polearms       | 5 |  5.0
Fighting       | |  6.9

Action                   |  1- 3 |  4- 6 || total
-------------------------+-------+-------++-------
Melee: Dagger            |    54 |   132 ||   186
       Bite              |     4 |    13 ||    17
       Trident           |       |    47 ||    47
 Cast: Foxfire           |    80 |   105 ||   185
  Use: Potion            |       |     1 ||     1
 Stab: Sleeping          |     1 |       ||     1
Armor: Robe              |    25 |    47 ||    72
       Skin              |       |    13 ||    13
Dodge: Dodged            |    42 |   149 ||   191

Table legend: (Time is in decaauts)
 A = Elapsed time spent in this place.
 B = Non-inter-level travel time spent in this place.
 C = Inter-level travel time spent in this place.
 D = Time resting spent in this place.
 E = Time spent auto-exploring this place.
 F = Levels seen in this place.
 G = Mean time per level.
                   A        B        C        D        E       F      G
               +--------+--------+--------+--------+--------+-----+--------+
         Total |   6389 |   6280 |    109 |    890 |   4631 |   6 | 1064.8 |
       Dungeon |   6370 |   6261 |    109 |    890 |   4631 |   5 | 1274.0 |
       Ossuary |     19 |     19 |      0 |      0 |      0 |   1 |   19.0 |
               +--------+--------+--------+--------+--------+-----+--------+

Top non-repeatable levels by time:
     D:3: 1856 daAuts
     D:4: 1465 daAuts
     D:2: 1312 daAuts
     D:1: 1174 daAuts
     D:5: 561 daAuts
 Ossuary: 19 daAuts
